TOP OF THE 1ST |
Mississippi Braves batting - Pitching for Springfield Cardinals : RHP Antonio Perez
|
Pitching: RHP Antonio Perez
|
|
Batting: RHB Tim Nettles
|
0-0: Ball 1-0: Ball 2-0: Called Strike 2-1: Foul Ball, location: 2F 2-2: Strikes out looking
|
Batting: LHB Davey Schonewille
|
0-0: Ball 1-0: Foul Ball, location: 2F 1-1: Called Strike 1-2: Ground out 4-3 (Groundball, 4M, EV 81.3 MPH)
|
Batting: LHB Robby Dann
|
0-0: Ball 1-0: Foul Ball, location: 2F 1-1: Ball 2-1: Ball 3-1: Ground out U3 (Groundball, 3S, EV 86.9 MPH)
|
Top of the 1st over - 0 runs, 0 hits, 0 errors, 0 left on base; Mississippi 0 - Springfield 0 |
BOTTOM OF THE 1ST |
Springfield Cardinals batting - Pitching for Mississippi Braves : RHP Jesus Cumba
|
Pitching: RHP Jesus Cumba
|
|
Batting: RHB John Parra
|
0-0: Called Strike 0-1: SOLO HOME RUN (Flyball, 78XD, EV 100.6 MPH), Distance : 397 ft
|
Batting: RHB Klaas Meij
|
0-0: Ground out 4-3 (Groundball, 4, EV 101.9 MPH)
|
Batting: RHB Melvin Enriquez
|
0-0: Ground out 5-3 (Groundball, 56S, EV 85.6 MPH)
|
Batting: LHB Shigeru Ono
|
0-0: Ball 1-0: Called Strike 1-1: Ball 2-1: Foul Ball, location: 2F 2-2: Strikes out swinging
|
Bottom of the 1st over - 1 run, 1 hit, 0 errors, 0 left on base; Mississippi 0 - Springfield 1 |
TOP OF THE 2ND |
Mississippi Braves batting - Pitching for Springfield Cardinals : RHP Antonio Perez
|
Batting: LHB Raul Guarjardo
|
0-0: Called Strike 0-1: Ground out U3 (Groundball, 3, EV 83.8 MPH)
|
Batting: RHB Zachary Sidney
|
0-0: Ball 1-0: Foul Ball, location: 2F 1-1: Foul Ball, location: 2F 1-2: Ball 2-2: Strikes out swinging
|
Batting: LHB Jon Burgos
|
0-0: Ball 1-0: Ball 2-0: Called Strike 2-1: Ground out 6-3 (Groundball, 6D, EV 107.5 MPH)
|
Top of the 2nd over - 0 runs, 0 hits, 0 errors, 0 left on base; Mississippi 0 - Springfield 1 |
BOTTOM OF THE 2ND |
Springfield Cardinals batting - Pitching for Mississippi Braves : RHP Jesus Cumba
|
Batting: RHB David Fernandez
|
0-0: Foul Ball, location: 2F 0-1: Called Strike 0-2: Strikes out swinging
|
Batting: RHB Dave Cluster
|
0-0: Called Strike 0-1: Ball 1-1: Ball 2-1: Foul Ball, location: 2F 2-2: Foul Ball, location: 2F 2-2: Fly out, F8 (Flyball, 89D, EV 96.3 MPH)
|
Batting: LHB Yeong-hun Joe
|
0-0: Ball 1-0: Swinging Strike 1-1: SINGLE (Line Drive, 3D, EV 103.1 MPH)
|
Batting: RHB Mark Marks
|
0-0: Ball 1-0: Called Strike Yeong-hun Joe is caught stealing 2nd base 2-4
|
Bottom of the 2nd over - 0 runs, 1 hit, 0 errors, 0 left on base; Mississippi 0 - Springfield 1 |
TOP OF THE 3RD |
Mississippi Braves batting - Pitching for Springfield Cardinals : RHP Antonio Perez
|
Batting: RHB Angel Guzman
|
0-0: Foul Ball, location: 2F 0-1: Foul Ball, location: 2F 0-2: Ball 1-2: Ball 2-2: Foul Ball, location: 2F 2-2: Foul Ball, location: 2F 2-2: SINGLE (Line Drive, 6D, EV 98.8 MPH)
|
Batting: RHB Bobby Lavole
|
0-0: Called Strike 0-1: Swinging Strike 0-2: Ball 1-2: Strikes out swinging
|
Batting: RHB Edwin Cota
|
0-0: Ball 1-0: Called Strike 1-1: Foul Ball, location: 2F 1-2: Ball 2-2: Foul Ball, location: 2F 2-2: Strikes out looking
|
Batting: RHB Tim Nettles
|
0-0: Called Strike 0-1: Ground out U3 (Groundball, 3, EV 85.6 MPH)
|
Top of the 3rd over - 0 runs, 1 hit, 0 errors, 1 left on base; Mississippi 0 - Springfield 1 |
BOTTOM OF THE 3RD |
Springfield Cardinals batting - Pitching for Mississippi Braves : RHP Jesus Cumba
|
Batting: RHB Mark Marks
|
0-0: Called Strike 0-1: Ball 1-1: Fly out, F9 (Flyball, 89S, EV 78.8 MPH)
|
Batting: LHB Chris Raymond
|
0-0: Ball 1-0: Foul Ball, location: 2F 1-1: Called Strike 1-2: Strikes out swinging
|
Batting: RHB John Parra
|
0-0: Ball 1-0: Ball 2-0: Ball 3-0: Base on Balls
|
Batting: RHB Klaas Meij
|
0-0: Called Strike 0-1: Called Strike 0-2: Ball John Parra steals 2nd base 1-2: Strikes out looking
|
Bottom of the 3rd over - 0 runs, 0 hits, 0 errors, 1 left on base; Mississippi 0 - Springfield 1 |
TOP OF THE 4TH |
Mississippi Braves batting - Pitching for Springfield Cardinals : RHP Antonio Perez
|
Batting: LHB Davey Schonewille
|
0-0: Foul Ball, location: 2F 0-1: Ball 1-1: Ground out 4-3 (Groundball, 4, EV 90.0 MPH)
|
Batting: LHB Robby Dann
|
0-0: Fly out, F7 (Flyball, 7D, EV 81.3 MPH)
|
Batting: LHB Raul Guarjardo
|
0-0: Called Strike 0-1: Swinging Strike 0-2: Ground out 4-3 (Groundball, 4, EV 80.0 MPH)
|
Top of the 4th over - 0 runs, 0 hits, 0 errors, 0 left on base; Mississippi 0 - Springfield 1 |
BOTTOM OF THE 4TH |
Springfield Cardinals batting - Pitching for Mississippi Braves : RHP Jesus Cumba
|
Batting: RHB Melvin Enriquez
|
0-0: Called Strike 0-1: Ball 1-1: Fly out, F6 (Flyball, 56D, EV 85.0 MPH)
|
Batting: LHB Shigeru Ono
|
0-0: Called Strike 0-1: Swinging Strike 0-2: Ball 1-2: Ball 2-2: Fly out, F4 (Popup, 4, EV 76.9 MPH)
|
Batting: RHB David Fernandez
|
0-0: Foul Ball, location: 2F 0-1: Called Strike 0-2: Foul Ball, location: 2F 0-2: Ball 1-2: SOLO HOME RUN (Flyball, 78XD, EV 105.0 MPH), Distance : 411 ft
|
Batting: RHB Dave Cluster
|
0-0: Ground out 3-1 (Groundball, 34, EV 109.4 MPH)
|
Bottom of the 4th over - 1 run, 1 hit, 0 errors, 0 left on base; Mississippi 0 - Springfield 2 |
TOP OF THE 5TH |
Mississippi Braves batting - Pitching for Springfield Cardinals : RHP Antonio Perez
|
Batting: RHB Zachary Sidney
|
0-0: Swinging Strike 0-1: Fly out, F8 (Flyball, 8RM, EV 76.9 MPH)
|
Batting: LHB Jon Burgos
|
0-0: Reached on error, E6 (Groundball, 6M, EV 105.0 MPH)
|
Batting: RHB Angel Guzman
|
0-0: Swinging Strike 0-1: Called Strike 0-2: Grounds into double play, 4-6-3 (Groundball, 4, EV 100.6 MPH)
|
Top of the 5th over - 0 runs, 0 hits, 1 error, 0 left on base; Mississippi 0 - Springfield 2 |
BOTTOM OF THE 5TH |
Springfield Cardinals batting - Pitching for Mississippi Braves : RHP Jesus Cumba
|
Batting: LHB Yeong-hun Joe
|
0-0: Ball 1-0: Ball 2-0: Ground out 6-3 (Groundball, 4M, EV 106.9 MPH)
|
Batting: RHB Mark Marks
|
0-0: Called Strike 0-1: Ball 1-1: Ball 2-1: Foul Ball, location: 2F 2-2: Ball 3-2: Strikes out looking
|
Batting: LHB Chris Raymond
|
0-0: Called Strike 0-1: Swinging Strike 0-2: Foul Ball, location: 2F 0-2: Ball 1-2: Ground out 5-3 (Groundball, 5, EV 90.6 MPH)
|
Bottom of the 5th over - 0 runs, 0 hits, 0 errors, 0 left on base; Mississippi 0 - Springfield 2 |
TOP OF THE 6TH |
Mississippi Braves batting - Pitching for Springfield Cardinals : RHP Antonio Perez
|
Batting: RHB Bobby Lavole
|
0-0: Ground out 6-3 (Groundball, 56, EV 80.0 MPH)
|
Batting: RHB Edwin Cota
|
0-0: Ball 1-0: Ground out 4-3 (Groundball, 4, EV 75.6 MPH)
|
Batting: RHB Tim Nettles
|
0-0: Called Strike 0-1: Ball 1-1: Foul Ball, location: 2F 1-2: Ball 2-2: Ball 3-2: Strikes out looking
|
Top of the 6th over - 0 runs, 0 hits, 0 errors, 0 left on base; Mississippi 0 - Springfield 2 |
BOTTOM OF THE 6TH |
Springfield Cardinals batting - Pitching for Mississippi Braves : RHP Jesus Cumba
|
Batting: RHB John Parra
|
0-0: Called Strike 0-1: Ground out 6-3 (Groundball, 6, EV 87.5 MPH)
|
Batting: RHB Klaas Meij
|
0-0: Ball 1-0: Called Strike 1-1: Foul Ball, location: 2F 1-2: Foul Ball, location: 2F 1-2: Ball 2-2: Ball 3-2: Foul Ball, location: 2F 3-2: SINGLE (Line Drive, 9S, EV 93.1 MPH)
|
Pitching: LHP Pete Dobbs
|
|
Batting: RHB Melvin Enriquez
|
0-0: Called Strike 0-1: Called Strike 0-2: Ball 1-2: Fly out, F8 (Flyball, 89XD, EV 101.3 MPH)
|
Batting: LHB Shigeru Ono
|
0-0: Ball 1-0: Fly out, F6 (Popup, 6D, EV 53.1 MPH)
|
Bottom of the 6th over - 0 runs, 1 hit, 0 errors, 1 left on base; Mississippi 0 - Springfield 2 |
TOP OF THE 7TH |
Mississippi Braves batting - Pitching for Springfield Cardinals : RHP Antonio Perez
|
Batting: LHB Davey Schonewille
|
0-0: Ball 1-0: Ball 2-0: Foul Ball, location: 2F 2-1: Foul Ball, location: 2F 2-2: Strikes out swinging
|
Batting: LHB Robby Dann
|
0-0: Foul Ball, location: 2F 0-1: SINGLE (Groundball, 6MD, EV 104.4 MPH)
|
Batting: LHB Raul Guarjardo
|
0-0: Ball Robby Dann steals 2nd base 1-0: Fly out, F5 (Line Drive, 5, EV 67.5 MPH)
|
Batting: RHB Zachary Sidney
|
0-0: Foul Ball, location: 2F 0-1: Fly out, F9 (Flyball, 89D, EV 96.9 MPH)
|
Top of the 7th over - 0 runs, 1 hit, 0 errors, 1 left on base; Mississippi 0 - Springfield 2 |
BOTTOM OF THE 7TH |
Springfield Cardinals batting - Pitching for Mississippi Braves : LHP Pete Dobbs
|
Pitching: RHP Scott Bentley
|
|
Batting: RHB David Fernandez
|
0-0: Called Strike 0-1: Ball 1-1: Ball 2-1: Swinging Strike 2-2: Ball 3-2: Foul Ball, location: 2F 3-2: Ground out 6-3 (Groundball, 56, EV 88.1 MPH)
|
Batting: RHB Dave Cluster
|
0-0: Fly out, F7 (Flyball, 78D, EV 95.0 MPH)
|
Batting: LHB Yeong-hun Joe
|
0-0: Ball 1-0: Ball 2-0: Ground out U3 (Groundball, 3L, EV 83.8 MPH)
|
Bottom of the 7th over - 0 runs, 0 hits, 0 errors, 0 left on base; Mississippi 0 - Springfield 2 |
TOP OF THE 8TH |
Mississippi Braves batting - Pitching for Springfield Cardinals : RHP Antonio Perez
|
Batting: LHB Jon Burgos
|
0-0: Called Strike 0-1: Ball 1-1: Called Strike 1-2: Foul Ball, location: 2F 1-2: SINGLE (Groundball, 34D, EV 108.8 MPH)
|
Pitching: RHP Matt Hamm
|
|
Pinch Hitting: LHB Jeremy Larson
|
0-0: Foul Ball, location: 2F 0-1: Foul Ball, location: 2F 0-2: Ball 1-2: Ball 2-2: Strikes out swinging
|
Batting: RHB Bobby Lavole
|
0-0: Ball 1-0: Ball 2-0: Called Strike 2-1: Foul Ball, location: 2F 2-2: Strikes out swinging
|
Batting: RHB Edwin Cota
|
0-0: Called Strike 0-1: Foul Ball, location: 2F 0-2: Ball 1-2: Ground out 4-3 (Groundball, 4, EV 107.5 MPH)
|
Top of the 8th over - 0 runs, 1 hit, 0 errors, 1 left on base; Mississippi 0 - Springfield 2 |
BOTTOM OF THE 8TH |
Springfield Cardinals batting - Pitching for Mississippi Braves : RHP Scott Bentley
|
Pitching: RHP Marko Martin
|
|
Now at 1B: Jeremy Larson
|
|
Batting: RHB Mark Marks
|
0-0: Called Strike 0-1: SINGLE (Groundball, 6MS, EV 65.0 MPH) (infield hit)
|
Batting: LHB Chris Raymond
|
0-0: Bunt missed! 0-1: Bunt missed! 0-2: Ground out 6-3 (Groundball, 6, EV 85.6 MPH) Mark Marks to second
|
Batting: RHB John Parra
|
0-0: Ground out 1-3 (Groundball, 34S, EV 75.6 MPH) Mark Marks to third
|
Batting: RHB Klaas Meij
|
0-0: Ground out U3 (Groundball, 3, EV 104.4 MPH)
|
Bottom of the 8th over - 0 runs, 1 hit, 0 errors, 1 left on base; Mississippi 0 - Springfield 2 |
TOP OF THE 9TH |
Mississippi Braves batting - Pitching for Springfield Cardinals : RHP Matt Hamm
|
Pitching: LHP Nick Suggett
|
|
Batting: RHB Tim Nettles
|
0-0: Called Strike 0-1: Ball 1-1: Foul Ball, location: 2F 1-2: Foul Ball, location: 2F 1-2: Strikes out swinging
|
Batting: LHB Davey Schonewille
|
0-0: Ball 1-0: Called Strike 1-1: Swinging Strike 1-2: Ball 2-2: Strikes out swinging
|
Batting: LHB Robby Dann
|
0-0: SINGLE (Line Drive, 8LS, EV 105.0 MPH)
|
Batting: LHB Raul Guarjardo
|
0-0: Ball 1-0: Fly out, F6 (Popup, 6MS, EV 80.0 MPH)
|
Top of the 9th over - 0 runs, 1 hit, 0 errors, 1 left on base; Mississippi 0 - Springfield 2 |
|